 Dungeon Crawl Stone Soup version 0.19.0-24-gb05acd6 (webtiles) character file.

182 Iskender the Cudgeler (level 5, -3/41 HPs)
             Began as a Formicid Wanderer on Nov 22, 2016.
             Slain by Menkaure (21 damage)
             ... on level 4 of the Dungeon.
             The game lasted 00:17:46 (2757 turns).

Iskender the Cudgeler (Formicid Wanderer)           Turns: 2757, Time: 00:17:46

Health: -3/41      AC:  6    Str: 16    XL:     5   Next: 93%
Magic:  5/5        EV: 11    Int: 12    God:
Gold:   122        SH:  0    Dex: 11    Spells: 0 memorised, 4 levels left

rFire  . . .     SeeInvis +     A - +2 mace
rCold  . . .     Gourm    .     l - +0 ring mail
rNeg   . . .     Faith    .     (no shield)
rPois  .         Spirit   .     (helmet unavailable)
rElec  .         Reflect  .     t - +0 cloak
rCorr  +         Harm     .     (no gloves)
MR     .....                    (no boots)
Stlth  ++........               (no amulet)
                                s - ring of resist corrosion
                                c - ring of teleportation (curse)

@: no status effects
A: permanent stasis, dig shafts and tunnels, four strong arms, antennae 3
a: Dig, Shaft Self


You were on level 4 of the Dungeon.
You were not hungry.

You visited 1 branch of the dungeon, and saw 4 of its levels.

You collected 122 gold pieces.

Inventory:

Hand Weapons
 a - a +0 quarterstaff
 d - a +0 dagger
 h - a +0 flail
 j - a +0 hand axe
 m - a +0 whip
 n - a +0 club
 q - a +0 spear
 w - a +0 short sword
 y - a +0 trident
 A - a +2 mace (weapon)
Missiles
 e - 14 sling bullets
 g - 4 silver javelins
 i - 98 stones (quivered)
Armour
 l - a +0 ring mail (worn)
 t - a +0 cloak (worn)
 u - a +0 large shield
Magical Staves
 C - an uncursed staff of poison
Jewellery
 c - a cursed ring of teleportation (left hand)
 s - a ring of resist corrosion (right hand)
Scrolls
 o - 2 scrolls of fog {unknown}
 p - a scroll of remove curse
 v - a scroll of enchant armour {unknown}
 x - a scroll of identify
 B - a scroll of fear {unknown}
Potions
 b - 2 potions of lignification
 k - a potion of cure mutation
Comestibles
 f - 3 bread rations
 r - a meat ration


   Skills:
 - Level 3.5 Fighting
 - Level 4.4 Maces & Flails
 - Level 0.6(2.8) Staves
 - Level 2.1 Armour
 - Level 2.0 Dodging
 + Level 3.6 Stealth
 - Level 1.2 Shields


You had 4 spell levels left.
You didn't know any spells.

Dungeon Overview and Level Annotations

Branches:
Dungeon (4/15)
 Temple: D:4-7

Altars:

Annotations:
D:4 Menkaure, Sigmund


Innate Abilities, Weirdness & Mutations

You are under a permanent stasis effect.
You can dig through walls and to a lower floor.
Your four strong arms can wield two-handed weapons with a shield.
You have a pair of large antennae on your head. (SInv)


Message History

You dig through the rock wall.
Found a tourmaline ring.
You retract your mandibles.
Okay, then.
Okay, then.
You barely miss Menkaure. Menkaure hits you.
You hit Menkaure.
Menkaure is lightly damaged.
Menkaure hits you!!
You hit Menkaure.
Menkaure is moderately damaged.
You hit Menkaure.
Menkaure is moderately damaged.
Menkaure mumbles some strange words.
Menkaure seems to speed up.
You hit Menkaure.
Menkaure is heavily damaged.
Menkaure hits you!!
Ouch! That really hurt!
You die...

♣ #######.####### ♣♣
............... ≈♣
#####.#.##.#### ♣♣
♣..........# P♣
♣♣♣##.#.##.###
.♣♣♣♣♣##.#.##.#.##
..≈≈.......##..#.##
≈.♣♣♣♣...#.##.###M###...
♣♣♣ ♣...#.##.##@........
P♣ #...#...............
P♣♣#
#...#.##.##.#####.#.
≈♣.# #...# #.##=# ..
♣♣.# #.... ..##.# .#.#
#..##.......#
.#.###........####
...........####
<.......###


You could see Menkaure.

Vanquished Creatures
  2 orc priests
  5 adders
  2 worms (D:2)
  4 dart slugs
  5 leopard geckos
  An orc (D:3)
  6 bats
  4 giant cockroaches
  5 goblins
  7 hobgoblins
  3 quokkas (D:2)
  3 ball pythons
  2 frilled lizards
  2 kobolds
  9 rats
60 creatures vanquished.

Notes
Turn   | Place    | Note
-------+----------+-------------------------------------------
     0 | D:1      | Iskender the Formicid Wanderer began the quest for the Orb.
     0 | D:1      | Iskender set off with: a +2 mace, 2 potions of lignification, a +0 robe, a +0 dagger, a bread ration
     0 | D:1      | Reached XP level 1. HP: 18/18 MP: 1/1
   246 | D:1      | Reached XP level 2. HP: 24/24 MP: 2/2
   328 | D:1      | Reached skill level 2 in Maces & Flails
   563 | D:2      | Reached XP level 3. HP: 28/29 MP: 3/3
   590 | D:2      | Reached skill level 1 in Dodging
   726 | D:2      | Reached XP level 4. HP: 19/35 MP: 4/4
  1107 | D:2      | Reached skill level 3 in Maces & Flails
  1450 | D:2      | Reached XP level 5. HP: 29/41 MP: 5/5
  1839 | D:3      | Reached skill level 4 in Maces & Flails
  2620 | D:4      | Noticed Sigmund
  2740 | D:4      | Noticed Menkaure
  2757 | D:4      | Slain by Menkaure

Skill      XL: |  1  2  3  4  5 |
---------------+----------------+-----
Maces & Flails | 2 3 4 |  4.4
Dodging        | 1 2 |  2.0
Fighting       | |  3.5
Staves         | |  0.6
Armour         | |  2.1
Stealth        | |  3.6
Shields        | |  1.2

Action                   |  1- 3 |  4- 6 || total
-------------------------+-------+-------++-------
Melee: Mace              |    70 |   134 ||   204
       Quarterstaff      |       |     8 ||     8
Throw: Stone             |     2 |    12 ||    14
 Abil: Dig               |       |     9 ||     9
  Use: Scroll            |     2 |     2 ||     4
 Stab: Sleeping          |     1 |       ||     1
  Eat: Chunk             |       |     7 ||     7
Armor: Leather armour    |     2 |       ||     2
       Robe              |     1 |       ||     1
       Ring mail         |    20 |    35 ||    55
Dodge: Dodged            |    58 |    79 ||   137
